 Dungeon Crawl Stone Soup version 0.28-a0-1518-gbe868bca14 (webtiles) character file.

Game seed: 13498807114587548386

46 buddhastalin the Chopper (level 3, -6/33 HPs)
             Began as a Draconian Berserker on Jan 16, 2022.
             Was a Believer of Trog.
             Mangled by Sigmund (10 damage)
             ... on level 2 of the Dungeon.
             The game lasted 00:02:46 (1278 turns).

buddhastalin the Chopper (Draconian Berserker)      Turns: 1278, Time: 00:02:46

Health: -6/33      AC:  5    Str: 18 (21) XL:     3   Next: 46%
Magic:  3/3        EV: 12    Int:  5 (7)  God:    Trog [**....]
Gold:   8          SH:  0    Dex:  8 (10) Spells: 2/2 levels left

rFire   . . .      SeeInvis .   a - +0 war axe
rCold   . . .      Faith    .   (no shield)
rNeg    . . .      Spirit   .   (armour unavailable)
rPois   +          Reflect  .   (helmet restricted)
rElec   .          Harm     .   (no cloak)
rCorr   .          Rampage  .   (no gloves)
Will    .....                   (no boots)
Stlth   +.........              (no amulet)
HPRegen 0.11/turn               h - ring of poison resistance
MPRegen 0.08/turn               (no ring)

@: on berserk cooldown, slowed, very slow
A: AC +5, unfitting armour, cold-blooded
a: Renounce Religion, Berserk, Trog's Hand


You were on level 2 of the Dungeon.
You worshipped Trog.
Trog was pleased with you.
You visited 1 branch of the dungeon, and saw 2 of its levels.

You collected 8 gold pieces.

Inventory:

Hand Weapons
 a - a +0 war axe (weapon)
Jewellery
 h - a ring of poison resistance (left hand)
Scrolls
 b - 4 scrolls of identify {unknown}
 c - a scroll of fog {unknown}
 f - a scroll of amnesia {unknown}
Potions
 e - a potion of lignification {unknown}
 g - a potion of curing {unknown}


   Skills:
 + Level 3.8 Fighting
 * Level 3.8 Axes
 + Level 3.1 Dodging


You had 2 spell levels left.
You didn't know any spells.
Your spell library was empty.

Dungeon Overview and Level Annotations

Branches:
Dungeon (2/15)

Altars:

Annotations:
D:2 Sigmund


Innate Abilities, Weirdness & Mutations

Your plain brown scales are hard. (AC +5)
You cannot fit into any form of body armour.
You are cold-blooded and may be slowed by cold attacks.


Message History

You kill the kobold!
Trog accepts your kill.
No target in view!
No target in view!
Things that are here:
a +0 short sword; 3 stones; a kobold corpse Sigmund the Dreaded comes into view.
He is wielding a +0 scythe.
Sigmund shouts!
You hear a shout!
A red film seems to cover your vision as you go berserk!
You feel yourself moving faster!
You feel mighty! Sigmund gestures at you while chanting.
The puff of flame hits you!
You feel a strong urge to attack something.
Sigmund casts a spell.
Sigmund flickers and vanishes!
Deactivating autopickup; reactivate with Ctrl-A.
You feel your anger nearly subside.
You hear some strange, mumbled words.
You are confused.
A goblin comes into view.
It is wielding a +1 dagger of holy wrath.
You miss something. Something barely misses you.
You closely miss something.
You are no longer berserk.
You are exhausted.
You feel yourself slow down.
You barely miss something. Something hits you.
You hear some strange, mumbled words.
A magic dart appears from out of thin air!
The magic dart hits you!
You bump into the rock wall.
You're too confused to move!
Something hits you.
You miss something.
Your tail-slap misses something.
You feel less confused. Something hits you!
* * * LOW HITPOINT WARNING * * *
It was a potion of degeneration.
There was something very wrong with that liquid.
You feel weakened.
You feel dopey.
You feel clumsy. Something hits you!
You die...

#.. #.#
#.# ...
##.####
.g...#
#{##.#
#@##.#
#..#.#
#.###.#.#
#.......##
##.......#
#..#..#.#
.#
#.....#.#
...
##...#.#.#
#.#
#........#
#.#


You could see a goblin.

Vanquished Creatures
  An adder (D:2)
  A dart slug (D:1)
  5 ball pythons (D:1)
  2 bats
  2 endoplasms (D:1)
  2 giant cockroaches (D:1)
  5 goblins
  2 hobgoblins
  A quokka (D:1)
  3 frilled lizards (D:1)
  5 kobolds
  4 rats
33 creatures vanquished.

Notes
Turn   | Place    | Note
-------+----------+-------------------------------------------
     0 | D:1      | buddhastalin the Draconian Berserker began the quest for
                  | the Orb.
     0 | D:1      | Reached XP level 1. HP: 19/19 MP: 1/1
   331 | D:1      | Reached XP level 2. HP: 26/26 MP: 2/2
   897 | D:1      | Reached XP level 3. HP: 33/33 MP: 3/3
   915 | D:1      | Reached ** piety under Trog
  1133 | D:2      | Found a faded altar of an unknown god.
  1267 | D:2      | Noticed Sigmund
  1278 | D:2      | Mangled by Sigmund

Illustrated notes

Levels and vault maps discovered:
D:1:      ebering_hopf_link, layout_basic, st_stairs_5,
          chequers_decorated_corner, kennysheep_small_spiral
D:2:      layout_loops_cross, chequers_ecumenical_altar_simple_redux,
          uniq_sigmund

Skill      XL: |  1  2 |
---------------+-------+-----
Dodging        | 3 |  3.1
Fighting       | |  3.8
Axes           | |  3.8

Action                   || total
-------------------------++-------
Melee: Hand axe          ||    52
       Tailslap          ||    10
       Punch             ||     2
       War axe           ||    38
Invok: Berserk           ||     1
  Use: Potion            ||     1
 Stab: Sleeping          ||     1
Armor: Skin              ||    30
Dodge: Dodged            ||    55

Table legend: (Time is in decaauts)
 A = Elapsed time spent in this place.
 B = Non-inter-level travel time spent in this place.
 C = Inter-level travel time spent in this place.
 D = Time resting spent in this place.
 E = Time spent auto-exploring this place.
 F = Levels seen in this place.
 G = Mean time per level.
                   A        B        C        D        E       F      G
               +--------+--------+--------+--------+--------+-----+--------+
         Total |   1295 |   1283 |     12 |    394 |    664 |   2 |  647.5 |
       Dungeon |   1295 |   1283 |     12 |    394 |    664 |   2 |  647.5 |
               +--------+--------+--------+--------+--------+-----+--------+

Top non-repeatable levels by time:
     D:1: 1052 daAuts
     D:2: 243 daAuts
